General information
- name: BNet
- type: Ladder team game (AT/RT)
- host: Battle.net
- saver: Giantkiller
map: Battleground
- players: 8
- length: 44:41
- speed: Fast
- version: 1.27 W3XP
- replay type: Public
» download(288 KB)
Players
team 1 (loser)

»
JustinTown (
yellow | 80 APM | 2074 actions | 25:56)
6 Blademaster
3 Wind Walk
2 Critical Strike
1 Bladestorm
4 Shadow Hunter
2 Healing Wave
2 Hex
» actions
| Assign group hotkey | 22 | |
| Basic commands | 3 | |
| Build / train | 63 | |
| Enter build submenu | 13 | |
| Enter hero's abilities submenu | 10 | |
| Give item / drop item | 3 | |
| Right click | 1424 | |
| Select / deselect | 381 | |
| Select group hotkey | 95 | |
| Use ability | 58 | |
2074 total
» units
| Peon | 10 | |
| Grunt | 1 | |
| Troll Headhunter/Berserker | 3 | |
| Forest Troll Shadow Priest | 1 | |
| Wind Rider | 19 | |
34 total
» upgrades
| Ranged Weapons | 3 | |
| Armor | 2 | |
| Envenomed Spears | 1 | |
6 total
» buildings
| Altar of Storms | 1 | |
| Orc Burrow | 5 | |
| Barracks | 1 | |
| War Mill | 1 | |
| Voodoo Lounge | 1 | |
| Watch Tower | 1 | |
| Stronghold | 1 | |
| Beastiary | 2 | |
| Fortress | 1 | |
14 total
» build order
00:21 Altar of Storms
00:24 Orc Burrow
00:59 Barracks
01:46 War Mill
01:52 Orc Burrow
02:28 Voodoo Lounge
02:53 Orc Burrow
03:08 Watch Tower
03:47 Stronghold
06:32 Beastiary
06:34 Beastiary
06:47 Orc Burrow
08:11 Fortress
10:09 Orc Burrow
» items
| Healing Salve | 2 | |
| Orb of Lightning | 1 | |
| Potion of Healing | 1 | |
| Scroll of Town Portal | 1 | |
| Lesser Clarity Potion | 2 | |
| Circlet of Nobility | 1 | |
| Boots of Speed | 1 | |
9 total
hghprchcnsrship (
blue | 93 APM | 4165 actions | 44:39)
7 Death Knight
3 Death Coil
3 Unholy Aura
1 Animate Dead
5 Crypt Lord
3 Carrion Beetles
2 Impale
» actions
| Assign group hotkey | 60 | |
| Basic commands | 156 | |
| Build / train | 231 | |
| ESC pressed | 6 | |
| Enter build submenu | 55 | |
| Enter hero's abilities submenu | 13 | |
| Give item / drop item | 2 | |
| Remove unit from queue | 1 | |
| Right click | 1443 | |
| Select / deselect | 703 | |
| Select group hotkey | 1254 | |
| Use ability | 241 | |
4165 total
» units
| Acolyte | 16 | |
| Ghoul | 6 | |
| Crypt Fiend | 16 | |
| Obsidian Statue | 2 | |
| Abomination | 2 | |
| Meatwagon | 3 | |
| Gargoyle | 14 | |
59 total
» upgrades
| Creature Attack | 3 | |
| Web | 1 | |
| Burrow | 1 | |
| Creature Carapace | 3 | |
| Unholy Armor | 3 | |
| Unholy Strength | 3 | |
| Disease Cloud | 1 | |
| Reinforced Defenses | 1 | |
| Spiked Barricades | 3 | |
| Armor | 1 | |
| Melee Weapons | 1 | |
| Masonry | 1 | |
| Destroyer Form | 1 | |
| Exhume Corpses | 1 | |
| Ghoul Frenzy | 1 | |
| Cannibalize | 1 | |
| Stone Form | 2 | |
| Backpack | 1 | |
29 total
» buildings
| Graveyard | 1 | |
| Crypt | 4 | |
| Altar of Darkness | 1 | |
| Ziggurat | 23 | |
| Tomb of Relics | 3 | |
| Halls of the Dead | 4 | |
| Nerubian Tower | 15 | |
| Black Citadel | 3 | |
| Spirit Tower | 45 | |
| Slaughterhouse | 4 | |
| Sacrificial Pit | 1 | |
| Necropolis | 2 | |
| Watch Tower | 6 | |
112 total
» build order
00:22 Graveyard
00:28 Crypt
00:43 Altar of Darkness
00:58 Ziggurat
01:27 Tomb of Relics
02:02 Ziggurat
04:19 Halls of the Dead
04:19 Halls of the Dead
04:20 Halls of the Dead
04:42 Ziggurat
05:04 Nerubian Tower
05:55 Ziggurat
08:50 Black Citadel
08:50 Black Citadel
08:50 Black Citadel
08:51 Spirit Tower
08:51 Spirit Tower
10:03 Ziggurat
10:05 Ziggurat
10:08 Ziggurat
10:52 Slaughterhouse
10:57 Spirit Tower
10:58 Spirit Tower
10:58 Spirit Tower
10:59 Nerubian Tower
11:00 Nerubian Tower
11:00 Nerubian Tower
11:00 Nerubian Tower
11:08 Spirit Tower
11:09 Spirit Tower
11:09 Spirit Tower
13:02 Tomb of Relics
13:20 Ziggurat
14:02 Ziggurat
14:13 Nerubian Tower
14:14 Nerubian Tower
14:50 Ziggurat
14:53 Ziggurat
14:55 Spirit Tower
14:55 Spirit Tower
15:27 Spirit Tower
15:47 Spirit Tower
15:48 Spirit Tower
15:48 Spirit Tower
16:15 Slaughterhouse
16:19 Crypt
17:22 Ziggurat
17:24 Ziggurat
18:22 Spirit Tower
18:22 Spirit Tower
18:23 Spirit Tower
18:23 Spirit Tower
18:23 Spirit Tower
18:59 Sacrificial Pit
19:41 Crypt
19:42 Crypt
19:56 Slaughterhouse
19:57 Slaughterhouse
20:36 Spirit Tower
20:37 Spirit Tower
20:37 Spirit Tower
20:41 Ziggurat
20:44 Ziggurat
20:47 Ziggurat
20:48 Ziggurat
22:18 Spirit Tower
22:18 Spirit Tower
22:18 Spirit Tower
22:19 Spirit Tower
22:45 Spirit Tower
22:53 Spirit Tower
22:53 Spirit Tower
30:06 Necropolis
31:46 Ziggurat
31:48 Ziggurat
31:51 Ziggurat
31:53 Tomb of Relics
33:50 Necropolis
34:15 Nerubian Tower
34:16 Spirit Tower
34:16 Spirit Tower
35:52 Ziggurat
35:55 Ziggurat
36:59 Spirit Tower
36:59 Nerubian Tower
37:00 Nerubian Tower
37:00 Nerubian Tower
37:00 Nerubian Tower
37:05 Ziggurat
38:00 Spirit Tower
38:00 Spirit Tower
39:32 Watch Tower
39:34 Watch Tower
39:35 Watch Tower
39:36 Watch Tower
39:38 Watch Tower
39:39 Watch Tower
» items
| Rod of Necromancy | 3 | |
| Sacrificial Skull | 2 | |
| Periapt of Vitality | 3 | |
| Potion of Healing | 1 | |
| Orb of Corruption | 6 | |
| Scroll of Town Portal | 5 | |
| Staff of Teleportation | 1 | |
| Orb of Lightning | 1 | |
22 total

»
N1nja (
green | 31 APM | 775 actions | 25:08)
4 Mountain King
2 Storm Bolt
2 Bash
» actions
| Basic commands | 1 | |
| Build / train | 52 | |
| Enter build submenu | 25 | |
| Enter hero's abilities submenu | 4 | |
| Give item / drop item | 3 | |
| Remove unit from queue | 5 | |
| Right click | 362 | |
| Select / deselect | 282 | |
| Use ability | 41 | |
775 total
» units
| Peasant | 7 | |
| Footman | 5 | |
| Rifleman | 3 | |
| Forest Troll Shadow Priest | 1 | |
| Siege Engine | 9 | |
25 total
» upgrades
| Gunpowder | 3 | |
| Armor | 1 | |
| Lumber Harvesting | 2 | |
| Plating | 3 | |
| Barrage | 1 | |
| Swords | 1 | |
11 total
» buildings
| Scout Tower | 2 | |
| Arcane Tower | 1 | |
| Altar of Kings | 1 | |
| Farm | 11 | |
| Lumber Mill | 2 | |
| Barracks | 2 | |
| Guard Tower | 1 | |
| Blacksmith | 1 | |
| Keep | 1 | |
| Arcane Vault | 1 | |
| Castle | 1 | |
| Workshop | 3 | |
27 total
» build order
00:14 Scout Tower
00:20 Scout Tower
00:45 Arcane Tower
00:53 Altar of Kings
01:00 Farm
01:16 Lumber Mill
02:10 Barracks
02:31 Farm
02:33 Guard Tower
02:52 Barracks
02:59 Blacksmith
03:10 Farm
03:17 Farm
04:44 Keep
06:06 Arcane Vault
07:18 Castle
09:55 Workshop
10:43 Workshop
10:47 Workshop
12:33 Farm
12:36 Farm
13:17 Farm
21:42 Farm
21:44 Farm
21:59 Lumber Mill
22:35 Farm
22:38 Farm
» items
| Scroll of Town Portal | 1 | |
| Orb of Fire | 1 | |
2 total
supermemer (
purple | 101 APM | 2637 actions | 26:00)
5 Mountain King
3 Storm Bolt
2 Bash
» actions
| Assign group hotkey | 27 | |
| Basic commands | 89 | |
| Build / train | 128 | |
| Enter build submenu | 22 | |
| Enter hero's abilities submenu | 5 | |
| Remove unit from queue | 49 | |
| Right click | 1696 | |
| Select / deselect | 272 | |
| Select group hotkey | 298 | |
| Use ability | 50 | |
2637 total
» units
| Peasant | 16 | |
| Footman | 9 | |
| Rifleman | 8 | |
| Mortar Team | -2 | |
| Flying Machine | 7 | |
| Siege Engine | 18 | |
56 total
» upgrades
| Long Rifles | 1 | |
| Gunpowder | 2 | |
| Barrage | 1 | |
| Fragmentation Shards | 1 | |
5 total
» buildings
| Altar of Kings | 1 | |
| Farm | 17 | |
| Barracks | 1 | |
| Scout Tower | 1 | |
| Arcane Tower | 3 | |
| Blacksmith | 1 | |
| Keep | 2 | |
| Arcane Vault | 1 | |
| Workshop | 2 | |
| Castle | 2 | |
31 total
» build order
00:05 Altar of Kings
00:08 Farm
00:11 Farm
00:33 Barracks
00:57 Farm
01:35 Scout Tower
02:34 Farm
03:13 Farm
03:25 Arcane Tower
03:25 Arcane Tower
03:54 Blacksmith
04:46 Keep
05:08 Farm
05:09 Farm
06:04 Farm
06:47 Arcane Vault
09:31 Farm
09:32 Farm
09:33 Farm
09:41 Workshop
13:22 Castle
13:22 Castle
13:39 Farm
13:39 Farm
13:40 Farm
13:43 Farm
13:46 Farm
20:53 Workshop
22:25 Farm
» items
team 2 (winner)

»
THE)R3AL4SG0D (
pink | 39 APM | 1637 actions | 42:18)
4 Archmage
2 Summon Water Elemental
2 Blizzard
4 Firelord
2 Summon Lava Spawn
2 Soul Burn
» actions
| Basic commands | 1 | |
| Build / train | 82 | |
| Enter build submenu | 76 | |
| Enter hero's abilities submenu | 9 | |
| Give item / drop item | 1 | |
| Remove unit from queue | 8 | |
| Right click | 937 | |
| Select / deselect | 376 | |
| Use ability | 147 | |
1637 total
» units
» upgrades
| Masonry | 3 | |
| Lumber Harvesting | 1 | |
| Storm Hammers | 1 | |
5 total
» buildings
| Lumber Mill | 3 | |
| Farm | 7 | |
| Altar of Kings | 2 | |
| Scout Tower | 54 | |
| Arcane Tower | 6 | |
| Guard Tower | 14 | |
| Keep | 1 | |
| Arcane Vault | 1 | |
| Castle | 1 | |
| Gryphon Aviary | 2 | |
| Town Hall | 4 | |
95 total
» build order
00:11 Lumber Mill
00:18 Farm
01:00 Farm
01:15 Altar of Kings
01:36 Farm
02:27 Farm
02:30 Scout Tower
02:58 Arcane Tower
03:01 Scout Tower
03:08 Farm
03:29 Guard Tower
03:32 Scout Tower
03:52 Scout Tower
03:56 Keep
04:17 Arcane Vault
04:19 Guard Tower
04:20 Guard Tower
04:40 Scout Tower
04:45 Scout Tower
04:51 Scout Tower
05:08 Guard Tower
05:13 Arcane Tower
05:17 Guard Tower
06:17 Castle
06:24 Gryphon Aviary
06:37 Lumber Mill
08:05 Gryphon Aviary
09:44 Farm
11:14 Farm
14:36 Town Hall
14:39 Scout Tower
14:40 Scout Tower
14:42 Scout Tower
14:43 Scout Tower
16:02 Scout Tower
16:04 Scout Tower
16:06 Scout Tower
16:08 Scout Tower
16:10 Scout Tower
16:21 Scout Tower
16:57 Scout Tower
16:59 Scout Tower
17:02 Scout Tower
17:05 Scout Tower
17:07 Scout Tower
17:09 Scout Tower
20:30 Scout Tower
20:34 Town Hall
20:37 Scout Tower
20:40 Scout Tower
20:46 Scout Tower
20:49 Scout Tower
20:50 Scout Tower
21:09 Arcane Tower
21:16 Guard Tower
21:19 Arcane Tower
21:35 Scout Tower
21:37 Scout Tower
21:40 Scout Tower
21:44 Scout Tower
21:45 Scout Tower
21:47 Scout Tower
22:08 Guard Tower
22:14 Arcane Tower
22:16 Arcane Tower
22:26 Lumber Mill
22:33 Guard Tower
22:33 Guard Tower
24:20 Scout Tower
25:41 Scout Tower
25:42 Guard Tower
26:03 Town Hall
27:28 Scout Tower
29:17 Scout Tower
29:18 Guard Tower
29:48 Town Hall
30:00 Scout Tower
31:00 Scout Tower
31:02 Scout Tower
31:05 Scout Tower
31:07 Scout Tower
31:10 Guard Tower
31:24 Guard Tower
31:26 Scout Tower
32:52 Guard Tower
32:55 Scout Tower
40:32 Scout Tower
40:34 Scout Tower
40:36 Scout Tower
40:39 Scout Tower
40:41 Scout Tower
40:43 Scout Tower
40:46 Scout Tower
40:51 Scout Tower
41:00 Altar of Kings
» items
| Scroll of Regeneration | 3 | |
| Lesser Clarity Potion | 3 | |
| Mechanical Critter | 1 | |
| Orb of Fire | 1 | |
| Staff of Sanctuary | 1 | |
| Potion of Healing | 1 | |
| Potion of Mana | 1 | |
| Scroll of Town Portal | 2 | |
13 total
Giantkiller (
teal | 46 APM | 2054 actions | 44:41)
7 Mountain King
3 Storm Bolt
3 Bash
1 Avatar
» actions
| Assign group hotkey | 49 | |
| Basic commands | 146 | |
| Build / train | 119 | |
| Enter build submenu | 60 | |
| Enter hero's abilities submenu | 7 | |
| Give item / drop item | 8 | |
| Remove unit from queue | 1 | |
| Right click | 862 | |
| Select / deselect | 421 | |
| Select group hotkey | 191 | |
| Use ability | 190 | |
2054 total
» units
| Peasant | 19 | |
| Footman | 5 | |
| Mortar Team | 4 | |
| Flying Machine | 6 | |
34 total
» upgrades
| Lumber Harvesting | 2 | |
| Masonry | 3 | |
| Fragmentation Shards | 1 | |
| Flare | 1 | |
| Gunpowder | 3 | |
| Armor | 3 | |
| Flak Cannons | 2 | |
| Plating | 3 | |
| Swords | 2 | |
| Flying Machine Bombs | 1 | |
| Animal War Training | 1 | |
| Long Rifles | 1 | |
| Barrage | 1 | |
24 total
» buildings
| Altar of Kings | 1 | |
| Barracks | 1 | |
| Farm | 5 | |
| Scout Tower | 53 | |
| Arcane Vault | 1 | |
| Arcane Tower | 1 | |
| Keep | 1 | |
| Lumber Mill | 1 | |
| Town Hall | 4 | |
| Guard Tower | 15 | |
| Castle | 1 | |
| Gryphon Aviary | 1 | |
| Blacksmith | 2 | |
| Workshop | 3 | |
90 total
» build order
00:38 Altar of Kings
00:40 Barracks
00:50 Farm
00:51 Farm
01:05 Farm
01:36 Farm
02:12 Scout Tower
03:14 Arcane Vault
03:17 Arcane Tower
03:52 Keep
06:21 Lumber Mill
07:28 Town Hall
07:30 Scout Tower
07:31 Scout Tower
07:31 Scout Tower
07:32 Scout Tower
08:07 Guard Tower
08:08 Scout Tower
08:09 Scout Tower
08:09 Scout Tower
08:09 Scout Tower
08:11 Scout Tower
08:11 Scout Tower
08:11 Scout Tower
08:13 Scout Tower
09:33 Guard Tower
09:38 Scout Tower
09:39 Scout Tower
09:40 Scout Tower
09:40 Scout Tower
09:42 Scout Tower
09:44 Guard Tower
09:48 Castle
10:15 Guard Tower
11:34 Gryphon Aviary
11:35 Scout Tower
11:36 Scout Tower
11:36 Scout Tower
11:36 Scout Tower
12:43 Guard Tower
12:55 Guard Tower
12:59 Scout Tower
13:00 Scout Tower
13:01 Scout Tower
13:02 Scout Tower
13:02 Scout Tower
13:03 Scout Tower
13:03 Scout Tower
13:36 Guard Tower
13:37 Guard Tower
13:37 Guard Tower
13:47 Guard Tower
13:49 Scout Tower
13:49 Scout Tower
13:49 Scout Tower
13:51 Guard Tower
15:37 Scout Tower
15:37 Scout Tower
15:43 Scout Tower
16:49 Guard Tower
16:56 Blacksmith
16:57 Blacksmith
18:12 Workshop
18:12 Workshop
18:16 Workshop
20:18 Scout Tower
20:18 Scout Tower
20:19 Scout Tower
20:20 Farm
21:24 Guard Tower
22:23 Scout Tower
22:24 Scout Tower
22:24 Scout Tower
22:24 Scout Tower
22:25 Scout Tower
22:28 Scout Tower
22:28 Scout Tower
22:29 Scout Tower
22:30 Scout Tower
22:31 Scout Tower
22:31 Scout Tower
22:31 Scout Tower
22:32 Scout Tower
22:32 Scout Tower
26:12 Town Hall
26:52 Town Hall
27:56 Town Hall
29:09 Guard Tower
» items
| Staff of Teleportation | 4 | |
| Boots of Speed | 1 | |
| Scroll of Regeneration | 6 | |
| Mechanical Critter | 4 | |
| Potion of Healing | 5 | |
| Potion of Mana | 3 | |
| Lesser Clarity Potion | 4 | |
| Potion of Invisibility | 3 | |
| Periapt of Vitality | 2 | |
| Scroll of Town Portal | 2 | |
34 total
Legionella (
red | 98 APM | 3756 actions | 38:23)
5 Archmage
3 Summon Water Elemental
2 Brilliance Aura
3 Dark Ranger
1 Black Arrow
2 Silence
3 Naga Sea Witch
2 Frost Arrows
1 Forked Lightning
» actions
| Assign group hotkey | 44 | |
| Basic commands | 1 | |
| Build / train | 59 | |
| Enter build submenu | 13 | |
| Enter hero's abilities submenu | 13 | |
| Give item / drop item | 5 | |
| Right click | 1368 | |
| Select / deselect | 449 | |
| Select group hotkey | 1732 | |
| Use ability | 71 | |
3756 total
» units
| Peasant | 11 | |
| Footman | 4 | |
| Rifleman | 7 | |
| Knight | 6 | |
28 total
» upgrades
| Gunpowder | 1 | |
| Armor | 1 | |
| Swords | 2 | |
| Plating | 2 | |
| Animal War Training | 1 | |
7 total
» buildings
| Altar of Kings | 1 | |
| Barracks | 1 | |
| Farm | 8 | |
| Lumber Mill | 1 | |
| Arcane Vault | 1 | |
| Blacksmith | 1 | |
| Keep | 1 | |
| Castle | 1 | |
15 total
» build order
00:48 Altar of Kings
01:03 Barracks
01:19 Farm
01:35 Farm
01:51 Lumber Mill
02:01 Farm
02:45 Farm
02:48 Farm
03:12 Arcane Vault
03:50 Blacksmith
04:43 Keep
06:54 Farm
08:06 Castle
12:51 Farm
12:51 Farm
» items
| Staff of Teleportation | 2 | |
| Scroll of Town Portal | 2 | |
| Staff of Sanctuary | 1 | |
| Dust of Appearance | 1 | |
| Scroll of Regeneration | 1 | |
7 total
trumprules (
orange | 90 APM | 1713 actions | 19:03)
4 Crypt Lord
2 Carrion Beetles
1 Spiked Carapace
1 Impale
» actions
| Assign group hotkey | 44 | |
| Build / train | 75 | |
| Enter build submenu | 16 | |
| Enter hero's abilities submenu | 4 | |
| Give item / drop item | 3 | |
| Remove unit from queue | 5 | |
| Right click | 969 | |
| Select / deselect | 295 | |
| Select group hotkey | 260 | |
| Use ability | 42 | |
1713 total
» units
| Acolyte | 2 | |
| Ghoul | 20 | |
| Crypt Fiend | 26 | |
48 total
» upgrades
| Creature Attack | 2 | |
| Creature Carapace | 2 | |
| Web | 1 | |
| Burrow | 1 | |
6 total
» buildings
| Altar of Darkness | 1 | |
| Crypt | 3 | |
| Ziggurat | 7 | |
| Tomb of Relics | 1 | |
| Graveyard | 2 | |
| Halls of the Dead | 1 | |
| Spirit Tower | 7 | |
22 total
» build order
00:33 Altar of Darkness
00:41 Crypt
00:46 Ziggurat
00:58 Tomb of Relics
01:15 Ziggurat
02:04 Graveyard
02:27 Ziggurat
03:21 Ziggurat
04:29 Halls of the Dead
07:28 Ziggurat
12:39 Crypt
12:44 Crypt
13:19 Graveyard
13:27 Ziggurat
18:11 Spirit Tower
18:15 Spirit Tower
18:15 Spirit Tower
18:15 Spirit Tower
18:58 Ziggurat
» items
| Potion of Mana | 1 | |
| Potion of Healing | 2 | |
3 total
Chat log
(00:22 / All) Giantkiller: bout got damn time
(00:32 / Allies) Legionella: haha
(05:13 / Allies) Giantkiller: don't
(05:14 / Allies) Giantkiller: don't
(05:14 / Allies) Giantkiller: don';t
(05:38 / Allies) Giantkiller: why are you leeching like that dude
(08:33 / Allies) Giantkiller: dude you led them to me lawl
(10:02 / Allies) Giantkiller: who took my orange creeps lawl
(11:10 / Allies) trumprules: omw
(14:31 / Allies) Giantkiller: items
(16:42 / Allies) Giantkiller: kill tanks
(17:16 / Allies) Legionella: save my base
(17:54 / All) N1nja: target my hero more pussy
(17:58 / All) Giantkiller: lol
(23:37 / All) Giantkiller: STOP
(23:39 / All) Giantkiller: HAMMER TIME
(24:28 / All) Giantkiller: STOP
(24:29 / All) Giantkiller: HAMMER TIME
(24:39 / All) N1nja: good job got noob tk
(26:08 / All) hghprchcnsrship: wow cowards
(27:01 / All) hghprchcnsrship: bad idea pink
(27:04 / All) Giantkiller: My hero is a beast
(27:08 / All) Giantkiller: too bad weak game
(27:29 / Allies) Legionella: need gold?
(31:19 / All) hghprchcnsrship: out
(32:24 / All) hghprchcnsrship: newbies out
(33:46 / Allies) Legionella: teal wake up!
(33:50 / Allies) Legionella: i need some gold lol
(33:59 / Allies) Legionella: thanks
(34:02 / All) hghprchcnsrship: out newbs
(34:06 / All) hghprchcnsrship: newbies, out!
(34:09 / All) hghprchcnsrship: no newbs
(35:03 / Allies) Legionella: pink teal is dead right now, whats the plan?
(42:28 / All) hghprchcnsrship: who lose
(42:32 / All) hghprchcnsrship: stats?
(42:38 / All) hghprchcnsrship: Yellow 109-110
(42:39 / All) Giantkiller: stats
(42:44 / All) hghprchcnsrship: 2-4 green
(42:48 / All) hghprchcnsrship: 1-3 purp
(43:08 / All) Giantkiller: Pink isn't too terrible
(43:25 / All) Giantkiller: I think double tankers should lose tho
(43:32 / All) hghprchcnsrship: My team is new accounts
(43:36 / All) hghprchcnsrship: two new accounts
(43:39 / All) hghprchcnsrship: and someone below 50%
(43:40 / All) Giantkiller: 109-110
(43:50 / All) hghprchcnsrship: yeah but still
(43:53 / All) hghprchcnsrship: does your team have more legits
(44:06 / All) hghprchcnsrship: If your team has 2-3 players not on new accounts I say they lose
(44:08 / All) Giantkiller: 2 new accounts sub 50% and about 10 games or less
(44:10 / All) Giantkiller: and one real player
(44:14 / All) Giantkiller: like yours
(44:25 / All) hghprchcnsrship: aight pink lose
(44:26 / All) Giantkiller: double tankers should lsoe